 Dungeon Crawl Stone Soup version 0.32-a0-128-g77eb882913 (webtiles) character file.

Game seed: 11641263906906275026

355 AlmostDecent the Skirmisher (level 6, -2/35 HPs)
             Began as a Deep Elf Hunter on Feb 8, 2024.
             Slain by Pikel
             ... wielding a +1 whip of electrocution
              (10 damage)
             ... on level 4 of the Dungeon.
             The game lasted 00:07:29 (3364 turns).

AlmostDecent the Skirmisher (Deep Elf Hunter)       Turns: 3364, Time: 00:07:30

Health: -2/35      AC:  4    Str:  8      XL:     6   Next: 36%
Magic:  8/8        EV: 12    Int: 14      God:
Gold:   274        SH:  0    Dex: 17 (20) Spells: 5/5 levels left

rFire   . . .        a - +0 shortbow
rCold   . . .        (shield currently unavailable)
rNeg    . . .        c - +0 leather armour
rPois   .            (no helmet)
rElec   .            (no cloak)
rCorr   .            (no gloves)
SInv    .            e - +0 pair of boots
Will    .....        (no amulet)
Stlth   ++           (no ring)
HPRegen 0.25/turn    (no ring)
MPRegen 0.11/turn

%: no passive effects
@: no status effects
A: no striking features
a: no special abilities


You were on level 4 of the Dungeon.
You visited 1 branch of the dungeon, and saw 4 of its levels.

You collected 274 gold pieces.

Inventory:

Hand Weapons
 a - a +0 shortbow (weapon)
 r - the +1 spear "Extaehe" {elec, rElec MP+9}
   (You found it on level 3 of the Dungeon)

   rElec:     It insulates you from electricity.
   MP+9:      It affects your magic capacity (+9).
Armour
 c - a +0 leather armour (worn)
 e - a +0 pair of boots (worn)
 m - a scarf of shadows
 t - a +2 buckler
Wands
 s - a wand of flame (10)
Scrolls
 b - a scroll of butterflies
 f - a scroll of fog {unknown}
 g - 4 scrolls of teleportation {unknown}
 j - 3 scrolls of identify {unknown}
 l - 2 scrolls of amnesia {unknown}
 n - a scroll of silence {unknown}
 o - a scroll of immolation {unknown}
 v - a scroll of enchant weapon {unknown}
Potions
 d - a potion of degeneration
 h - 2 potions of curing {unknown}
 i - 2 potions of lignification
 k - 4 potions of attraction {unknown}
 p - 2 potions of ambrosia {unknown}
 q - 2 potions of brilliance {unknown}
 u - a potion of heal wounds {unknown}
 w - a potion of might {unknown}
 x - a potion of berserk rage {unknown}


   Skills:
 + Level 2.1 Fighting
 * Level 9.3 Ranged Weapons
 + Level 1.3 Armour
 + Level 2.6 Dodging
 + Level 1.6 Stealth


You had 5 spell levels left.
You didn't know any spells.
Your spell library contained the following spells:

 Spells                   Type           Power      Damage    Failure   Level
 Necrotise                Necr           0%         1d4       38%         1
 Stone Arrow              Conj/Erth      0%         3d7       77%         3
 Vampiric Draining        Necr           0%         2d6       77%         3
 Animate Armour           Summ/Erth      0%         N/A       99%         4
 Martyr's Knell           Necr/Summ      0%         N/A       99%         4
 Curse of Agony           Necr           0%         N/A       100%        5
 Lehudib's Crystal Spear  Conj/Erth      0%         10d2      100%        8


Dungeon Overview and Level Annotations

Branches:
Dungeon (4/15)
 Temple: D:4-7

Altars:
Ashenzari
Fedhas
Gozag
Makhleb
Okawaru

Shops:
D:2 (

Annotations:
D:4 Pikel


Message History

Pikel is severely wounded.
Pikel barely misses you.
You shoot an arrow. The arrow closely misses Pikel.
The arrow closely misses the hobgoblin.
The arrow hits the lemure but does no damage.
Pikel barely misses you.
You shoot an arrow. The arrow hits Pikel.
Pikel is severely wounded.
Pikel barely misses you.
You shoot an arrow. The arrow hits Pikel.
Pikel is severely wounded.
Pikel hits you with a +1 whip of electrocution!
You are too injured to fight recklessly!
You are too injured to fight recklessly!
You are too injured to fight recklessly!
You are too injured to fight recklessly!
Fire: a) +0 shortbow
Press: ? - help, Q - select action, (/) - cycle Shift-Dir - straight line, f/p - Pikel
Aim: Pikel, wielding a +1 whip of electrocution and wearing a +0 robe (severely wounded, 59% to hit)
You shoot an arrow. The arrow hits Pikel.
Pikel is almost dead.
Pikel hits you with a +1 whip of electrocution.
* * * LOW HITPOINT WARNING * * *
Fire: a) +0 shortbow
Press: ? - help, Q - select action, (/) - cycle Shift-Dir - straight line, f/p - Pikel
Aim: Pikel, wielding a +1 whip of electrocution and wearing a +0 robe (almost dead, 59% to hit)
You shoot an arrow. The arrow barely misses Pikel.
The arrow hits the hobgoblin.
You kill the hobgoblin!
Pikel hits you with a +1 whip of electrocution.
* * * LOW HITPOINT WARNING * * *
Fire: a) +0 shortbow
Press: ? - help, Q - select action, (/) - cycle Shift-Dir - straight line, f/p - Pikel
Aim: Pikel, wielding a +1 whip of electrocution and wearing a +0 robe (almost dead, 59% to hit)
You shoot an arrow. The arrow barely misses Pikel.
The arrow barely misses the lemure.
The arrow closely misses the lemure.
Pikel hits you with a +1 whip of electrocution!
You die...
Pikel says, "See you in Hell!"

#......#
#.###.###
#..#.###
#........
#..#.#
#########
#..#.#
#..#.########
#
#..#........#
. ##
...########.#
##... .####.
..#
##.#5s....
......
#.@K55....
>#####
#..###5###
....# ###..#
##.. #.# #.#
#.#


You could see Pikel, 4 lemures and a scorpion.

Vanquished Creatures
  A black bear (D:4)
  A bombardier beetle (D:4)
  Jessica (D:3)
  An iguana (D:4)
  Natasha (thrice) (D:3)
  5 adders
  A dart slug (D:1)
  A ribbon worm (D:4)
  5 endoplasms
  2 giant cockroaches
  3 goblins
  8 hobgoblins
  4 jackals (D:1)
  6 kobolds
  3 quokkas
  7 ball pythons
  4 bats
  3 frilled lizards
  6 rats
65 creatures vanquished.

Notes
Turn   | Place    | Note
-------+----------+-------------------------------------------
     0 | D:1      | AlmostDecent the Deep Elf Hunter began the quest for the
                  | Orb.
     0 | D:1      | Reached XP level 1. HP: 12/12 MP: 3/3
    64 | D:1      | Reached XP level 2. HP: 16/16 MP: 4/4
   127 | D:1      | Found a faded altar of an unknown god.
   291 | D:1      | Reached skill level 6 in Ranged Weapons
   879 | D:2      | Found Xocaplu's Antique Weapon Boutique.
   955 | D:2      | Reached XP level 3. HP: 20/20 MP: 5/5
  1832 | D:3      | Noticed Jessica
  1839 | D:3      | Killed Jessica
  1858 | D:3      | Noticed Natasha
  1866 | D:3      | Killed Natasha
  1867 | D:3      | Reached skill level 7 in Ranged Weapons
  1867 | D:3      | Reached XP level 4. HP: 11/26 MP: 6/6
  2075 | D:3      | Noticed Natasha
  2092 | D:3      | Killed Natasha
  2303 | D:3      | Found a burning altar of Makhleb.
  2361 | D:3      | Found a blossoming altar of Fedhas.
  2372 | D:3      | Identified the +1 spear "Extaehe" {elec, rElec MP+9}
  2417 | D:3      | Noticed Natasha
  2421 | D:3      | Killed Natasha
  2422 | D:3      | Reached skill level 8 in Ranged Weapons
  2422 | D:3      | Reached XP level 5. HP: 19/30 MP: 7/7
  2580 | D:3      | Reached skill level 1 in Armour
  2710 | D:4      | Found a broken altar of Ashenzari.
  2741 | D:4      | Found an iron altar of Okawaru.
  2830 | D:4      | Found an opulent altar of Gozag.
  2867 | D:4      | Noticed a black bear
  2877 | D:4      | HP: 1/30 [black bear (4)]
  2880 | D:4      | Killed a black bear
  2881 | D:4      | Reached XP level 6. HP: 3/35 MP: 8/8
  3099 | D:4      | Reached skill level 9 in Ranged Weapons
  3347 | D:4      | Noticed Pikel
  3364 | D:4      | Slain by Pikel

Illustrated notes

Levels and vault maps discovered:
D:1:      dpeg_arrival_tiny_d, layout_basic, ebering_ecumenical_altar_box,
          minmay_misc_feat_ornament, minmay_misc_feat_room
D:2:      layout_loops_corners, serial_shops, shop
D:3:      layout_basic, bloody_makhleb, old_standard_altar, uniq_jessica,
          uniq_natasha
D:4:      layout_loops_ring, lemuel_crystal_altar, lemuel_doored_altar,
          nicolae_gozag_cash_rules_everything_around_me, general_overflow_altar,
          uniq_pikel

Skill      XL: |  1  2  3  4  5  6 |
---------------+-------------------+-----
Ranged Weapons | 6 7 8 9 |  9.3
Armour         | 1 |  1.3
Fighting       | 2 |  2.1
Dodging        | |  2.6
Stealth        | |  1.6

Action                     |  1- 3 |  4- 6 || total
---------------------------+-------+-------++-------
   Fire: Shortbow          |    84 |   164 ||   248
    Use: Potion            |       |     2 ||     2
 Armour: Leather armour    |    11 |    56 ||    67
         Skin              |       |     2 ||     2
  Dodge: Dodged            |    15 |    53 ||    68

Table legend: (Time is in decaauts)
 A = Elapsed time spent in this place.
 B = Non-inter-level travel time spent in this place.
 C = Inter-level travel time spent in this place.
 D = Time resting spent in this place.
 E = Time spent auto-exploring this place.
 F = Levels seen in this place.
 G = Mean time per level.
                   A        B        C        D        E       F      G
               +--------+--------+--------+--------+--------+-----+--------+
         Total |   3390 |   3226 |    164 |      0 |   2825 |   4 |  847.5 |
       Dungeon |   3390 |   3226 |    164 |      0 |   2825 |   4 |  847.5 |
               +--------+--------+--------+--------+--------+-----+--------+

Top non-repeatable levels by time:
     D:2: 1000 daAuts
     D:3: 860 daAuts
     D:1: 842 daAuts
     D:4: 688 daAuts
